 Dungeon Crawl Stone Soup version 0.31.0-32-g396128a36d (webtiles) character file.

Game seed: 2717970314330785558

20 spaghetti the Grave Robber (level 2, -2/22 HPs)
             Began as a Naga Necromancer on Mar 9, 2024.
             Slain by a jackal (3 damage)
             ... on level 2 of the Dungeon.
             The game lasted 00:00:58 (1051 turns).

spaghetti the Grave Robber (Naga Necromancer)       Turns: 1051, Time: 00:00:58

Health: -2/22      AC:  1    Str:  7 (10) XL:     2   Next: 79%
Magic:  1/5        EV:  9    Int: 14 (15) God:
Gold:   64         SH:  0    Dex: 10 (11) Spells: 5/6 levels left

rFire   . . .        (no weapon)
rCold   . . .        (no shield)
rNeg    . . .        a - +0 robe
rPois   +            (no helmet)
rElec   .            (no cloak)
rCorr   .            (no gloves)
SInv    +            (no barding)
Will    .....        (no amulet)
Stlth   ++           (no ring)
HPRegen 0.23/turn    (no ring)
MPRegen 0.09/turn

%: no passive effects
@: very slow
A: AC +0, large, see invisible, deformed body, poison resistance, slowness 2,
spit poison 1, naga tail 1
a: Spit Poison


You were on level 2 of the Dungeon.
You visited 1 branch of the dungeon, and saw 2 of its levels.

You collected 64 gold pieces.

Inventory:

Armour
 a - a +0 robe (worn)
Scrolls
 d - a scroll of fog {unknown}
Potions
 b - a potion of magic
 c - a potion of resistance
 e - a potion of invisibility


   Skills:
 - Level 1.5 Dodging
 - Level 3.0 Stealth
 + Level 2.5 Spellcasting
 + Level 4.4 Necromancy


You had 5 spell levels left.
You knew the following spells:

 Your Spells              Type           Power      Damage    Failure   Level
a - Necrotise             Necr           56%        1d6       3%          1

Your spell library contained the following spells:

 Spells                   Type           Power      Damage    Failure   Level
 Vampiric Draining        Necr           14%        2d7       11%         3
 Apportation              Tloc           2%         N/A       22%         1
 Sting                    Conj/Alch      4%         1d3       22%         1
 Summon Small Mammal      Summ           4%         N/A       22%         1
 Animate Dead             Necr           14%        N/A       36%         4
 Curse of Agony           Necr           14%        N/A       71%         5


Dungeon Overview and Level Annotations

Branches:
Dungeon (2/15)

Altars:


Innate Abilities, Weirdness & Mutations

Your serpentine skin is tough. (AC +0)
You have supernaturally acute eyesight. (SInv)
Armour fits poorly on your strangely shaped body.
Your system is resistant to poisons. (rPois)
You cover ground very slowly.
You can spit poison.
You have a snake-like lower body.


Message History

Confirm with . or Enter, or press ? or * to list all spells.
You don't have enough magic to cast this spell.
Casting: Necrotise (safe; 3% risk of failure)
Confirm with . or Enter, or press ? or * to list all spells.
You don't have enough magic to cast this spell.
You swap places.
The adder bites your jackal skeleton.
Your jackal skeleton closely misses the adder.
The adder bites your jackal skeleton.
Your jackal skeleton completely misses the adder.
The adder bites your jackal skeleton.
Your jackal skeleton is destroyed!
The adder attacks as it pursues you! The adder closely misses you.
The adder bites you. The jackal attacks as it pursues you!
The jackal barely misses you. The jackal bites you.
The adder barely misses you.
Aiming: Spit Poison (2% risk of failure)
Press: ? - help, Shift-Dir - straight line, f/p - adder
Aim: an adder (lightly wounded, 37% to hit)
The splash of poison hits the adder!
The adder is almost dead.
The jackal bites you. The adder barely misses you.
Unknown command.
Unknown command.
You hit the jackal but do no damage.
The jackal bites you but does no damage.
The adder barely misses you. The jackal closely misses you.
You closely miss the jackal. The adder bites you. The jackal bites you.
The adder bites you.
* * * LOW HITPOINT WARNING * * *
The jackal bites you.
* * * LOW HITPOINT WARNING * * *
The jackal attacks as it pursues you! The jackal bites you.
* * * LOW HITPOINT WARNING * * *
The jackal barely misses you. x2
You have got your breath back.
The jackal attacks as it pursues you! The jackal bites you.
* * * LOW HITPOINT WARNING * * *
The jackal barely misses you. The jackal attacks as it pursues you!
The jackal bites you.
You die...

.# #.........###.#############
.# #.##..................<...#
.###.##.###..#.....#########.#
.........##..##...## #.#
####.###.##..###.## #####.###
#.[.......# #.# #.......#
#........## #.# #.###.#.#
#####.#### ##'## #.###.#.# #.#
##.@.## #.##..#.# ###.#
##.hh..## #.##.##.# ##.#.#
##..S....## #.#..# .#
##....###....r....###....##)#
#....>..'.........'...........
##....###.........####...#####
##.#.# ##.......## ##....#
###.# ##.....## ####.# #.#
##...## .#


You could see an adder, 2 jackals and a rat.

Vanquished Creatures
  A dart slug (D:1)
  4 endoplasms (D:1)
  2 goblins (D:1)
  3 jackals
  A kobold (D:1)
  A quokka (D:1)
  A ball python (D:2)
  A bat (D:1)
  A rat (D:1)
15 creatures vanquished.

Notes
Turn   | Place    | Note
-------+----------+-------------------------------------------
     0 | D:1      | spaghetti the Naga Necromancer began the quest for the Orb.
     0 | D:1      | Reached XP level 1. HP: 15/15 MP: 3/3
   265 | D:1      | Reached XP level 2. HP: 18/22 MP: 1/5
  1050 | D:2      | HP: 1/22 [jackal (2)]
  1051 | D:2      | Slain by a jackal

Illustrated notes

Levels and vault maps discovered:
D:1:      shiori_arrival_maze, layout_loops_ring
D:2:      layout_loops_corners, basic_altar

Action                     || total
---------------------------++-------
  Melee: Unarmed           ||    12
   Cast: Necrotise         ||    32
Ability: Spit Poison       ||     2
    Use: Scroll            ||     3
         Potion            ||     2
 Armour: Robe              ||    22
  Dodge: Dodged            ||    22
